St.Louis Blues vs Nashville Predators
Created - Tuesday, May 9, 2023 at 07:00
Goals
|
| St.Louis Blues |
1 |
1 |
0 |
2 |
| Nashville Predators |
0 |
1 |
2 |
3 |
|
Shots
|
| St.Louis Blues |
8 |
9 |
8 |
25 |
| Nashville Predators |
11 |
10 |
6 |
27 |
|
1st period
1. St.Louis Blues , Robert Thomas 12 (Jake Guentzel 21, Tage Thompson 14) at 6:51
Penalties :
Morgan Rielly (STL) for Interference (Minor) at 1:16, Pat Maroon (NSH) for Tripping (Minor) at 12:13
2nd period
2. Nashville Predators , Brandon Saad 20 (Bowen Byram 7, Corey Perry 18) at 3:16 (PP)
3. St.Louis Blues , Alex DeBrincat 24 (Alex Tuch 13) at 13:07
Penalties :
Evander Kane (STL) for Hooking (Minor) at 3:05, Jack Eichel (STL) for Hooking (Minor) at 6:26
3rd period
4. Nashville Predators , Pat Maroon 18 (Cale Makar 37, Sam Gagner 23) at 0:38
5. Nashville Predators , Loui Eriksson 3 (Pat Maroon 13, Zemgus Girgensons 10) at 10:20 (PP)
Penalties :
Corey Perry (NSH) for Roughing (Minor) at 2:27, Danny DeKeyser (STL) for Cross-checking (Minor) at 9:49, Nick Bjugstad (NSH) for Tripping (Minor) at 11:45, Jake Muzzin (NSH) for Slashing (Minor) at 12:14
Goalie Stats
Scott Wedgewood (STL), 24 saves from 27 shots - (0.889), L, 4-7-3, 59:21 minutes
Anthony Stolarz (NSH), 23 saves from 25 shots - (0.920), W, 11-15-7, 60:00 minutes
Players Stats for St.Louis Blues
Player Name G A P +/- PIM S H SB GA TA FO MP PP MP PK MP
------------------------------------------------------------------------------------
Adam Pelech 0 0 0 0 0 0 1 0 0 0 0/0 15:40 0:00 2:23
Alex DeBrincat 1 0 1 1 0 5 1 0 0 0 2/3 19:16 2:39 0:00
Alex Pietrangelo 0 0 0 0 0 5 2 1 0 0 0/0 22:20 2:29 0:00
Alex Tuch 0 1 1 1 0 3 3 0 0 1 0/1 20:27 3:14 0:00
Colton Parayko 0 0 0 0 0 0 3 3 0 0 0/0 21:21 0:00 2:17
Danny DeKeyser 0 0 0 0 2 0 3 1 0 0 0/0 15:39 0:00 2:23
Elias Pettersson 0 0 0 1 0 2 4 0 2 0 16/21 21:07 3:17 0:25
Evander Kane 0 0 0 0 2 0 2 0 2 1 0/0 12:47 2:47 0:00
Frederick Gaudreau 0 0 0 0 0 1 0 0 1 0 3/7 12:21 0:00 2:58
Jack Eichel 0 0 0 0 2 1 0 1 0 1 4/5 11:36 1:05 0:00
Jake Guentzel 0 1 1 0 0 1 1 0 1 0 0/0 17:09 3:57 0:00
Jimmy Vesey 0 0 0 0 0 1 3 0 1 1 2/4 12:35 0:07 2:58
Joe Pavelski 0 0 0 0 0 1 1 0 0 0 2/4 13:07 3:16 0:00
Jonas Brodin 0 0 0 1 0 0 0 0 0 0 0/0 16:59 0:00 2:17
Morgan Rielly 0 0 0 1 2 3 1 4 0 1 0/0 20:24 3:57 0:00
Ondrej Kase 0 0 0 0 0 0 1 0 0 2 0/0 9:13 0:00 1:17
Robert Thomas 1 0 1 0 0 2 1 1 0 0 7/12 17:23 2:53 1:17
Tage Thompson 0 1 1 0 0 0 3 0 0 0 0/0 15:52 2:29 0:25
Players Stats for Nashville Predators
Player Name G A P +/- PIM S H SB GA TA FO MP PP MP PK MP
------------------------------------------------------------------------------------
Artem Zub 0 0 0 0 0 1 5 3 0 0 0/0 22:55 1:58 3:20
Bowen Byram 0 1 1 -1 0 1 1 0 0 3 0/0 15:41 2:42 0:22
Brandon Saad 1 0 1 -1 0 3 0 2 2 0 2/4 19:52 2:42 3:16
Cale Makar 0 1 1 0 0 7 2 1 1 1 0/0 24:34 2:42 2:05
Corey Perry 0 1 1 -1 2 2 2 0 1 0 1/3 18:18 2:42 1:42
Jake Muzzin 0 0 0 -1 2 1 0 2 0 0 0/0 16:52 1:58 2:43
Janne Kuokkanen 0 0 0 -1 0 0 0 0 0 0 1/3 11:43 0:02 0:00
Justin Braun 0 0 0 0 0 0 2 1 0 1 0/0 25:31 0:00 4:21
Loui Eriksson 1 0 1 1 0 3 2 0 1 0 0/0 14:14 1:56 1:07
Nate Schmidt 0 0 0 0 0 1 0 0 0 1 0/0 15:33 0:00 0:00
Nick Bjugstad 0 0 0 -1 2 0 4 2 0 1 0/1 14:21 0:00 1:34
Nolan Patrick 0 0 0 0 0 0 3 2 1 0 1/3 12:49 0:00 1:24
Pat Maroon 1 1 2 1 2 1 3 0 0 0 0/0 14:29 1:56 1:18
Riley Nash 0 0 0 0 0 2 0 0 0 0 1/1 12:13 0:00 0:06
Ryan Carpenter 0 0 0 0 0 1 1 0 1 0 1/1 10:56 0:00 0:00
Sam Gagner 0 1 1 -1 0 0 3 0 0 0 9/23 17:02 2:42 0:55
Thomas Novak 0 0 0 -1 0 1 1 0 0 0 3/6 11:43 0:02 0:00
Zemgus Girgensons 0 1 1 1 0 3 2 1 0 0 2/12 13:14 1:58 0:00
3 Stars
1 - Pat Maroon (NSH)
2 - Loui Eriksson (NSH)
3 - Alex DeBrincat (STL)
Power Play
St.Louis Blues - 0 on 4 Attempt(s) - 0.00%
Nashville Predators - 2 on 4 Attempt(s) - 50.00%
Penalty Kill
St.Louis Blues - 2 on 4 Attempt(s) - 50.00%
- Score 0 goal in Penalty Kill
Nashville Predators - 4 on 4 Attempt(s) - 100.00%
- Score 0 goal in Penalty Kill
Team Stat
St.Louis Blues - Hits : 30 - Faceoff Wins : 36 - Blocked Shots : 11 - Penalty Minutes : 8
Nashville Predators - Hits : 31 - Faceoff Wins : 21 - Blocked Shots : 14 - Penalty Minutes : 8
Official
Referees : Brian Pochmara and Kevin Pollock
Linesman : Greg Devorski and Shane Heyer
Game Notes
12:30 of 3rd period - St.Louis Blues goal is going for a video replay. After video review, No Goal. The puck has entered the net after making contact with an attacking player’s stick that is above the height of the crossbar.
Finance
Level 1 -- Attendance: 4783 (79.72%) -- Ticket Income $478,300
Level 2 -- Attendance: 3988 (79.76%) -- Ticket Income $239,280
Level 3 -- Attendance: 2246 (74.87%) -- Ticket Income $78,610
Level 4 -- Attendance: 3760 (75.20%) -- Ticket Income $94,000
Luxury Box -- Attendance: 767 (76.70%) -- Ticket Income $153,400
Game was played at the Bridgestone Arena.
Total Attendance: 15544 (77.72%)
Total Ticket Income: $1,043,590
Other Income: $365,256
Total Income: $1,408,846
St.Louis Blues
5 vs 5 Forward
Center Left Wing Right Wing Time % Phy DF OF
1 Elias Pettersson Alex DeBrincat Alex Tuch 40 0 2 3
2 Robert Thomas Jake Guentzel Tage Thompson 30 0 2 3
3 Jack Eichel Evander Kane Joe Pavelski 20 1 2 2
4 Frederick Gaudreau Jimmy Vesey Ondrej Kase 10 1 3 1
5 vs 5 Defense
Defense Defense Time % Phy DF OF
1 Alex Pietrangelo Colton Parayko 40 1 2 2
2 Morgan Rielly Jonas Brodin 30 1 2 2
3 Danny DeKeyser Adam Pelech 20 1 2 2
4 Alex Pietrangelo Colton Parayko 10 1 2 2
PowerPlay Forward
Center Left Wing Right Wing Time % Phy DF OF
1 Joe Pavelski Alex Tuch Elias Pettersson 60 1 0 4
2 Robert Thomas Alex DeBrincat Evander Kane 40 1 0 4
PowerPlay Defense
Defense Defense Time % Phy DF OF
1 Morgan Rielly Jake Guentzel 60 0 1 4
2 Tage Thompson Alex Pietrangelo 40 0 1 4
Penalty Kill 4 Players Forward
Center Wing Time % Phy DF OF
1 Frederick Gaudreau Jimmy Vesey 60 1 4 0
2 Robert Thomas Ondrej Kase 40 1 4 0
Penalty Kill 4 Players Defense
Defense Defense Time % Phy DF OF
1 Adam Pelech Danny DeKeyser 60 2 3 0
2 Jonas Brodin Colton Parayko 40 2 3 0
Penalty Kill - 3 Players Forward
Forward Time % Phy DF OF
1 Frederick Gaudreau 60 0 5 0
2 Robert Thomas 40 0 5 0
Penalty Kill - 3 Players Defense
Defense Defense Time % Phy DF OF
1 Adam Pelech Danny DeKeyser 60 1 4 0
2 Jonas Brodin Colton Parayko 40 1 4 0
4 vs 4 Forward
Center Wing Time % Phy DF OF
1 Robert Thomas Elias Pettersson 60 0 2 3
2 Jack Eichel Jake Guentzel 40 0 2 3
4 vs 4 Defense
Defense Defense Time % Phy DF OF
1 Alex Pietrangelo Colton Parayko 60 0 3 2
2 Morgan Rielly Jonas Brodin 40 0 3 2
Last Minutes Offensive
Center Left Wing Right Wing Defense Defense
Robert Thomas Elias Pettersson Alex Tuch Morgan Rielly Jake Guentzel
Last Minutes Defensive
Center Left Wing Right Wing Defense Defense
Frederick Gaudreau Jimmy Vesey Ondrej Kase Colton Parayko Alex Pietrangelo
Goaltenders
Starting : Scott Wedgewood
Backup : Frederik Andersen
Extra Forwards
Normal : Tage Thompson, Evander Kane, Frederick Gaudreau - PP : Alex DeBrincat, Jack Eichel - PK : Tage Thompson
Extra Defensemen
Normal : Morgan Rielly, Colton Parayko, Adam Pelech - PP : Colton Parayko - PK : Colton Parayko, Alex Pietrangelo
Penalty Shots
Alex DeBrincat, Joe Pavelski, Tage Thompson, Elias Pettersson, Robert Thomas
Nashville Predators
5 vs 5 Forward
Center Left Wing Right Wing Time % Phy DF OF
1 Sam Gagner Brandon Saad Corey Perry 26 1 2 2
2 Zemgus Girgensons Pat Maroon Loui Eriksson 25 1 2 2
3 Thomas Novak Janne Kuokkanen Nick Bjugstad 25 1 2 2
4 Nolan Patrick Riley Nash Ryan Carpenter 24 1 2 2
5 vs 5 Defense
Defense Defense Time % Phy DF OF
1 Cale Makar Justin Braun 40 1 2 2
2 Nate Schmidt Artem Zub 30 1 2 2
3 Bowen Byram Jake Muzzin 20 1 2 2
4 Artem Zub Justin Braun 10 1 2 2
PowerPlay Forward
Center Left Wing Right Wing Time % Phy DF OF
1 Sam Gagner Brandon Saad Corey Perry 60 1 2 2
2 Zemgus Girgensons Pat Maroon Loui Eriksson 40 1 2 2
PowerPlay Defense
Defense Defense Time % Phy DF OF
1 Bowen Byram Cale Makar 60 1 2 2
2 Artem Zub Jake Muzzin 40 1 2 2
Penalty Kill 4 Players Forward
Center Wing Time % Phy DF OF
1 Brandon Saad Corey Perry 60 1 2 2
2 Sam Gagner Pat Maroon 40 1 2 2
Penalty Kill 4 Players Defense
Defense Defense Time % Phy DF OF
1 Jake Muzzin Justin Braun 60 1 2 2
2 Artem Zub Cale Makar 40 1 2 2
Penalty Kill - 3 Players Forward
Forward Time % Phy DF OF
1 Brandon Saad 60 1 2 2
2 Corey Perry 40 1 2 2
Penalty Kill - 3 Players Defense
Defense Defense Time % Phy DF OF
1 Jake Muzzin Justin Braun 60 1 2 2
2 Artem Zub Cale Makar 40 1 2 2
4 vs 4 Forward
Center Wing Time % Phy DF OF
1 Brandon Saad Corey Perry 60 1 2 2
2 Sam Gagner Pat Maroon 40 1 2 2
4 vs 4 Defense
Defense Defense Time % Phy DF OF
1 Jake Muzzin Cale Makar 60 1 2 2
2 Artem Zub Nate Schmidt 40 1 2 2
Last Minutes Offensive
Center Left Wing Right Wing Defense Defense
Sam Gagner Brandon Saad Corey Perry Bowen Byram Cale Makar
Last Minutes Defensive
Center Left Wing Right Wing Defense Defense
Sam Gagner Brandon Saad Corey Perry Jake Muzzin Justin Braun
Goaltenders
Starting : Anthony Stolarz
Backup : Alexandar Georgiev
Extra Forwards
Normal : Nolan Patrick, Thomas Novak, Nick Bjugstad - PP : Janne Kuokkanen, Thomas Novak - PK : Nick Bjugstad
Extra Defensemen
Normal : Cale Makar, Jake Muzzin, Artem Zub - PP : Cale Makar - PK : Jake Muzzin, Artem Zub
Penalty Shots
Brandon Saad, Corey Perry, Sam Gagner, Pat Maroon, Zemgus Girgensons
% Time on Ice - St.Louis Blues
Lines # - Real PCT - Wanted PCT - Time Play
Normal Forward
1 - 37% - 40% - 17:49
2 - 27% - 30% - 12:48
3 - 20% - 20% - 9:45
4 - 16% - 10% - 7:56
Normal Defense
1 - 39% - 40% - 18:51
2 - 32% - 30% - 15:15
3 - 26% - 20% - 12:30
4 - 4% - 10% - 1:42
PP Forward
1 - 56% - 60% - 3:36
2 - 44% - 40% - 2:50
PP Defense
1 - 61% - 60% - 3:57
2 - 39% - 40% - 2:29
PK Forward
1 - 73% - 60% - 3:23
2 - 28% - 40% - 1:17
PK Defense
1 - 51% - 60% - 2:23
2 - 49% - 40% - 2:17
PK3 Forward
1 - 0% - 60%
2 - 0% - 40%
PK3 Defense
1 - 0% - 60%
2 - 0% - 40%
44 Forward
1 - 0% - 60%
2 - 0% - 40%
44 Defense
1 - 0% - 60%
2 - 0% - 40%
Last Minute Offensive - 0:36
Last Minute Defensive - 0:00
Total
Forward - 60:00
Defense - 60:00
|
% Time on Ice - Nashville Predators
Lines # - Real PCT - Wanted PCT - Time Play
Normal Forward
1 - 28% - 26% - 13:23
2 - 26% - 25% - 12:27
3 - 24% - 25% - 11:32
4 - 23% - 24% - 10:56
Normal Defense
1 - 43% - 40% - 20:42
2 - 32% - 30% - 15:14
3 - 20% - 20% - 9:29
4 - 6% - 10% - 2:53
PP Forward
1 - 58% - 60% - 2:42
2 - 42% - 40% - 1:58
PP Defense
1 - 58% - 60% - 2:42
2 - 42% - 40% - 1:58
PK Forward
1 - 81% - 60% - 4:01
2 - 19% - 40% - 0:55
PK Defense
1 - 65% - 60% - 3:13
2 - 35% - 40% - 1:43
PK3 Forward
1 - 92% - 60% - 1:23
2 - 8% - 40% - 0:07
PK3 Defense
1 - 100% - 60% - 1:30
2 - 0% - 40% - 0:00
44 Forward
1 - 0% - 60%
2 - 0% - 40%
44 Defense
1 - 0% - 60%
2 - 0% - 40%
Last Minute Offensive - 0:00
Last Minute Defensive - 0:36
Total
Forward - 60:00
Defense - 60:00
|
Play-by-Play
1st period
0:01 of 1st period - Alex DeBrincat wins face-off versus Sam Gagner in neutral zone.
0:34 of 1st period - Wrist shot by Jake Guentzel.
0:34 of 1st period - Stopped by Anthony Stolarz with a rebound.
0:36 of 1st period - Snap shot by Robert Thomas.
0:36 of 1st period - Shot Hit the Post.
1:16 of 1st period - Minor Penalty to Morgan Rielly for Interference.
1:17 of 1st period - Sam Gagner wins face-off versus Frederick Gaudreau in St.Louis Blues zone.
1:29 of 1st period - Slapshot by Cale Makar.
1:29 of 1st period - Stopped by Scott Wedgewood without a rebound.
1:30 of 1st period - Frederick Gaudreau wins face-off versus Sam Gagner in St.Louis Blues zone.
1:52 of 1st period - Snap shot by Robert Thomas.
1:52 of 1st period - Shot Blocked by Jake Muzzin.
1:54 of 1st period - Wrist shot by Robert Thomas.
1:54 of 1st period - Stopped by Anthony Stolarz without a rebound.
1:55 of 1st period - Jimmy Vesey wins face-off versus Zemgus Girgensons in Nashville Predators zone.
2:21 of 1st period - Jonas Brodin is hit by Bowen Byram and loses puck.
2:57 of 1st period - Adam Pelech is hit by Corey Perry and loses puck.
3:08 of 1st period - Cale Makar is hit by Adam Pelech and loses puck.
3:15 of 1st period - Jimmy Vesey is hit by Pat Maroon and loses puck.
3:16 of 1st period - Penalty to Morgan Rielly is over, Morgan Rielly is back on ice.
3:26 of 1st period - Adam Pelech is hit by Nick Bjugstad and loses puck.
4:09 of 1st period - Snap shot by Alex Tuch.
4:09 of 1st period - Stopped by Anthony Stolarz with a rebound.
4:27 of 1st period - Snap shot by Jack Eichel.
4:27 of 1st period - Stopped by Anthony Stolarz with a rebound.
4:31 of 1st period - Snap shot by Joe Pavelski.
4:31 of 1st period - Stopped by Anthony Stolarz with a rebound.
5:41 of 1st period - Justin Braun is hit by Elias Pettersson and loses puck.
6:11 of 1st period - Alex Pietrangelo is hit by Nick Bjugstad and loses puck.
6:18 of 1st period - Janne Kuokkanen is hit by Jimmy Vesey and loses puck.
6:34 of 1st period - Thomas Novak is hit by Elias Pettersson and loses puck.
6:51 of 1st period - Slapshot by Robert Thomas.
6:51 of 1st period - Goal by Robert Thomas - St.Louis Blues : 1 - Nashville Predators : 0.
6:52 of 1st period - Elias Pettersson wins face-off versus Zemgus Girgensons in neutral zone.
6:55 of 1st period - Justin Braun is hit by Danny DeKeyser and loses puck.
7:03 of 1st period - Off-side.
7:04 of 1st period - Elias Pettersson wins face-off versus Sam Gagner in neutral zone.
7:38 of 1st period - Wrist shot by Zemgus Girgensons.
7:38 of 1st period - Stopped by Scott Wedgewood with a rebound.
7:56 of 1st period - Snap shot by Joe Pavelski.
7:56 of 1st period - Shot Misses the Net.
8:17 of 1st period - Snap shot by Cale Makar.
8:17 of 1st period - Stopped by Scott Wedgewood without a rebound.
8:18 of 1st period - Sam Gagner wins face-off versus Elias Pettersson in St.Louis Blues zone.
8:19 of 1st period - Slapshot by Brandon Saad.
8:19 of 1st period - Shot Blocked by Danny DeKeyser.
8:21 of 1st period - Slapshot by Jake Muzzin.
8:21 of 1st period - Stopped by Scott Wedgewood without a rebound.
8:22 of 1st period - Elias Pettersson wins face-off versus Sam Gagner in St.Louis Blues zone.
8:33 of 1st period - Wrist shot by Brandon Saad.
8:33 of 1st period - Deflect By Alex Tuch.
8:33 of 1st period - Shot Blocked by Colton Parayko.
8:33 of 1st period - Puck is out of play.
8:34 of 1st period - Robert Thomas wins face-off versus Zemgus Girgensons in St.Louis Blues zone.
8:43 of 1st period - Snap shot by Robert Thomas.
8:43 of 1st period - Shot Blocked by Artem Zub.
8:49 of 1st period - Wrist shot by Loui Eriksson.
8:49 of 1st period - Stopped by Scott Wedgewood without a rebound.
8:50 of 1st period - Elias Pettersson wins face-off versus Nolan Patrick in St.Louis Blues zone.
9:29 of 1st period - Slapshot by Corey Perry.
9:29 of 1st period - Shot Misses the Net.
9:31 of 1st period - Snap shot by Brandon Saad.
9:31 of 1st period - Shot Blocked by Robert Thomas.
9:38 of 1st period - Icing by Adam Pelech.
9:39 of 1st period - Jack Eichel wins face-off versus Zemgus Girgensons in St.Louis Blues zone.
9:39 of 1st period - Jack Eichel is hit by Artem Zub.
9:51 of 1st period - Slapshot by Jack Eichel.
9:51 of 1st period - Shot Misses the Net.
10:12 of 1st period - Wrist shot by Brandon Saad.
10:12 of 1st period - Shot Blocked by Morgan Rielly.
10:18 of 1st period - Snap shot by Corey Perry.
10:18 of 1st period - Stopped by Scott Wedgewood without a rebound.
10:19 of 1st period - Ryan Carpenter wins face-off versus Robert Thomas in St.Louis Blues zone.
10:20 of 1st period - Wrist shot by Nolan Patrick.
10:20 of 1st period - Shot Misses the Net.
10:28 of 1st period - Slapshot by Bowen Byram.
10:28 of 1st period - Shot Blocked by Colton Parayko.
10:46 of 1st period - Ryan Carpenter is hit by Joe Pavelski and loses puck.
10:59 of 1st period - Morgan Rielly is hit by Nolan Patrick and loses puck.
11:24 of 1st period - Slapshot by Bowen Byram.
11:24 of 1st period - Shot Misses the Net.
11:26 of 1st period - Wrist shot by Riley Nash.
11:26 of 1st period - Shot Blocked by Morgan Rielly.
11:46 of 1st period - Wrist shot by Riley Nash.
11:46 of 1st period - Stopped by Scott Wedgewood with a rebound.
11:48 of 1st period - Snap shot by Ryan Carpenter.
11:48 of 1st period - Stopped by Scott Wedgewood with a rebound.
11:50 of 1st period - Slapshot by Bowen Byram.
11:50 of 1st period - Stopped by Scott Wedgewood without a rebound.
11:51 of 1st period - Elias Pettersson wins face-off versus Zemgus Girgensons in St.Louis Blues zone.
12:13 of 1st period - Minor Penalty to Pat Maroon for Tripping.
12:14 of 1st period - Corey Perry wins face-off versus Alex Tuch in Nashville Predators zone.
12:40 of 1st period - Artem Zub is hit by Jake Guentzel and loses puck.
12:55 of 1st period - Slapshot by Cale Makar.
12:55 of 1st period - Shot Misses the Net.
12:57 of 1st period - Slapshot by Artem Zub.
12:57 of 1st period - Shot Hit the Post.
12:59 of 1st period - Snap shot by Sam Gagner.
12:59 of 1st period - Shot Misses the Net.
13:01 of 1st period - Slapshot by Cale Makar.
13:01 of 1st period - Stopped by Scott Wedgewood with a rebound.
14:13 of 1st period - Penalty to Pat Maroon is over, Pat Maroon is back on ice.
16:07 of 1st period - Danny DeKeyser is hit by Zemgus Girgensons and loses puck.
17:41 of 1st period - Jake Guentzel is hit by Artem Zub and loses puck.
18:10 of 1st period - Corey Perry is hit by Alex Pietrangelo and loses puck.
18:23 of 1st period - Slapshot by Morgan Rielly.
18:23 of 1st period - Stopped by Anthony Stolarz without a rebound.
18:24 of 1st period - Jimmy Vesey wins face-off versus Nolan Patrick in Nashville Predators zone.
18:44 of 1st period - Icing by Ryan Carpenter.
18:45 of 1st period - Robert Thomas wins face-off versus Janne Kuokkanen in Nashville Predators zone.
18:48 of 1st period - Snap shot by Robert Thomas.
18:48 of 1st period - Shot Misses the Net.
18:50 of 1st period - Wrist shot by Jake Guentzel.
18:50 of 1st period - Shot Blocked by Nick Bjugstad.
18:54 of 1st period - Slapshot by Robert Thomas.
18:54 of 1st period - Deflect By Jake Guentzel.
18:54 of 1st period - Shot Blocked by Nick Bjugstad.
18:54 of 1st period - Puck is out of play.
18:55 of 1st period - Elias Pettersson wins face-off versus Sam Gagner in Nashville Predators zone.
18:56 of 1st period - Slapshot by Alex DeBrincat.
18:56 of 1st period - Deflect By Alex Tuch.
18:56 of 1st period - Stopped by Anthony Stolarz without a rebound.
18:57 of 1st period - Alex DeBrincat wins face-off versus Sam Gagner in Nashville Predators zone.
19:08 of 1st period - Snap shot by Alex DeBrincat.
19:08 of 1st period - Shot Misses the Net.
19:45 of 1st period - Slapshot by Zemgus Girgensons.
19:45 of 1st period - Stopped by Scott Wedgewood without a rebound.
19:46 of 1st period - Jack Eichel wins face-off versus Zemgus Girgensons in St.Louis Blues zone.
19:46 of 1st period - Jack Eichel is hit by Cale Makar.
19:54 of 1st period - Slapshot by Jack Eichel.
19:54 of 1st period - Shot Blocked by Cale Makar.
Goals for this period are 1 for St.Louis Blues vs 0 for Nashville Predators.
Shots for this period are 8 for St.Louis Blues vs 11 for Nashville Predators.
2nd period
0:01 of 2nd period - Sam Gagner wins face-off versus Elias Pettersson in neutral zone.
0:04 of 2nd period - Elias Pettersson is hit by Cale Makar and loses puck.
0:09 of 2nd period - Backhand shot by Corey Perry.
0:09 of 2nd period - Shot Misses the Net.
0:11 of 2nd period - Wrist shot by Brandon Saad.
0:11 of 2nd period - Shot Misses the Net.
0:13 of 2nd period - Slapshot by Corey Perry.
0:13 of 2nd period - Deflect By Brandon Saad.
0:13 of 2nd period - Shot Misses the Net.
0:13 of 2nd period - Puck is out of play.
0:14 of 2nd period - Thomas Novak wins face-off versus Alex DeBrincat in St.Louis Blues zone.
0:21 of 2nd period - Alex DeBrincat is hit by Thomas Novak and loses puck.
1:05 of 2nd period - Snap shot by Alex DeBrincat.
1:05 of 2nd period - Stopped by Anthony Stolarz with a rebound.
1:07 of 2nd period - Wrist shot by Alex DeBrincat.
1:07 of 2nd period - Stopped by Anthony Stolarz with a rebound.
1:09 of 2nd period - Slapshot by Alex Pietrangelo.
1:09 of 2nd period - Deflect By Alex DeBrincat.
1:09 of 2nd period - Shot Misses the Net.
1:09 of 2nd period - Puck is out of play.
1:10 of 2nd period - Robert Thomas wins face-off versus Corey Perry in Nashville Predators zone.
1:25 of 2nd period - Off-side.
1:26 of 2nd period - Janne Kuokkanen wins face-off versus Jack Eichel in neutral zone.
1:29 of 2nd period - Slapshot by Nick Bjugstad.
1:29 of 2nd period - Shot Misses the Net.
1:31 of 2nd period - Slapshot by Artem Zub.
1:31 of 2nd period - Shot Blocked by Morgan Rielly.
1:52 of 2nd period - Jake Guentzel is hit by Justin Braun and loses puck.
2:03 of 2nd period - Slapshot by Morgan Rielly.
2:03 of 2nd period - Stopped by Anthony Stolarz with a rebound.
3:03 of 2nd period - Wrist shot by Thomas Novak.
3:03 of 2nd period - Shot Blocked by Jack Eichel.
3:05 of 2nd period - Minor Penalty to Evander Kane for Hooking.
3:06 of 2nd period - Sam Gagner wins face-off versus Frederick Gaudreau in St.Louis Blues zone.
3:07 of 2nd period - Slapshot by Cale Makar.
3:07 of 2nd period - Stopped by Scott Wedgewood without a rebound.
3:08 of 2nd period - Sam Gagner wins face-off versus Jimmy Vesey in St.Louis Blues zone.
3:14 of 2nd period - Wrist shot by Brandon Saad.
3:14 of 2nd period - Shot Misses the Net.
3:16 of 2nd period - Slapshot by Brandon Saad.
3:16 of 2nd period - Goal by Brandon Saad - St.Louis Blues : 1 - Nashville Predators : 1.
3:17 of 2nd period - Elias Pettersson wins face-off versus Sam Gagner in neutral zone.
3:42 of 2nd period - Tage Thompson is hit by Nick Bjugstad and loses puck.
3:51 of 2nd period - Snap shot by Thomas Novak.
3:51 of 2nd period - Stopped by Scott Wedgewood without a rebound.
3:52 of 2nd period - Elias Pettersson wins face-off versus Sam Gagner in St.Louis Blues zone.
3:52 of 2nd period - Elias Pettersson is hit by Sam Gagner.
4:10 of 2nd period - Sam Gagner is hit by Elias Pettersson and loses puck.
4:25 of 2nd period - Slapshot by Artem Zub.
4:25 of 2nd period - Stopped by Scott Wedgewood without a rebound.
4:26 of 2nd period - Robert Thomas wins face-off versus Zemgus Girgensons in St.Louis Blues zone.
4:47 of 2nd period - Nick Bjugstad is hit by Colton Parayko and loses puck.
6:26 of 2nd period - Minor Penalty to Jack Eichel for Hooking.
6:27 of 2nd period - Sam Gagner wins face-off versus Frederick Gaudreau in St.Louis Blues zone.
6:29 of 2nd period - Snap shot by Corey Perry.
6:29 of 2nd period - Stopped by Scott Wedgewood without a rebound.
6:30 of 2nd period - Frederick Gaudreau wins face-off versus Sam Gagner in St.Louis Blues zone.
8:04 of 2nd period - Bowen Byram is hit by Robert Thomas and loses puck.
8:17 of 2nd period - Corey Perry is hit by Tage Thompson and loses puck.
8:26 of 2nd period - Penalty to Jack Eichel is over, Jack Eichel is back on ice.
8:30 of 2nd period - Jimmy Vesey is hit by Artem Zub and loses puck.
8:41 of 2nd period - Jimmy Vesey is hit by Ryan Carpenter and loses puck.
9:26 of 2nd period - Justin Braun is hit by Tage Thompson and loses puck.
9:57 of 2nd period - Zemgus Girgensons is hit by Alex Pietrangelo and loses puck.
10:23 of 2nd period - Sam Gagner is hit by Tage Thompson and loses puck.
11:03 of 2nd period - Ryan Carpenter is hit by Danny DeKeyser and loses puck.
12:08 of 2nd period - Bowen Byram is hit by Colton Parayko and loses puck.
12:33 of 2nd period - Icing by Alex Pietrangelo.
12:34 of 2nd period - Nolan Patrick wins face-off versus Frederick Gaudreau in St.Louis Blues zone.
12:35 of 2nd period - Slapshot by Cale Makar.
12:35 of 2nd period - Shot Misses the Net.
13:05 of 2nd period - Slapshot by Alex Tuch.
13:05 of 2nd period - Shot Misses the Net.
13:07 of 2nd period - Snap shot by Alex DeBrincat.
13:07 of 2nd period - Goal by Alex DeBrincat - St.Louis Blues : 2 - Nashville Predators : 1.
13:08 of 2nd period - Elias Pettersson wins face-off versus Zemgus Girgensons in neutral zone.
13:45 of 2nd period - Snap shot by Robert Thomas.
13:45 of 2nd period - Shot Misses the Net.
14:02 of 2nd period - Snap shot by Jack Eichel.
14:02 of 2nd period - Shot Misses the Net.
14:20 of 2nd period - Wrist shot by Frederick Gaudreau.
14:20 of 2nd period - Stopped by Anthony Stolarz without a rebound.
14:21 of 2nd period - Riley Nash wins face-off versus Jimmy Vesey in Nashville Predators zone.
14:40 of 2nd period - Nolan Patrick is hit by Jimmy Vesey.
14:48 of 2nd period - Ryan Carpenter is hit by Ondrej Kase and loses puck.
14:53 of 2nd period - Snap shot by Ondrej Kase.
14:53 of 2nd period - Shot Misses the Net.
14:55 of 2nd period - Wrist shot by Ondrej Kase.
14:55 of 2nd period - Shot Blocked by Nolan Patrick.
14:57 of 2nd period - Slapshot by Jimmy Vesey.
14:57 of 2nd period - Shot Blocked by Artem Zub.
14:59 of 2nd period - Slapshot by Alex Pietrangelo.
14:59 of 2nd period - Stopped by Anthony Stolarz with a rebound.
15:03 of 2nd period - Snap shot by Ondrej Kase.
15:03 of 2nd period - Shot Misses the Net.
15:05 of 2nd period - Snap shot by Colton Parayko.
15:05 of 2nd period - Deflect By Jimmy Vesey.
15:05 of 2nd period - Stopped by Anthony Stolarz with a rebound.
15:07 of 2nd period - Slapshot by Alex Pietrangelo.
15:07 of 2nd period - Stopped by Anthony Stolarz without a rebound.
15:08 of 2nd period - Elias Pettersson wins face-off versus Sam Gagner in Nashville Predators zone.
15:09 of 2nd period - Snap shot by Alex DeBrincat.
15:09 of 2nd period - Shot Misses the Net.
15:11 of 2nd period - Slapshot by Morgan Rielly.
15:11 of 2nd period - Deflect By Cale Makar.
15:11 of 2nd period - Stopped by Anthony Stolarz without a rebound.
15:12 of 2nd period - Sam Gagner wins face-off versus Elias Pettersson in Nashville Predators zone.
15:41 of 2nd period - Wrist shot by Cale Makar.
15:41 of 2nd period - Stopped by Scott Wedgewood without a rebound.
15:42 of 2nd period - Zemgus Girgensons wins face-off versus Robert Thomas in St.Louis Blues zone.
15:51 of 2nd period - Slapshot by Loui Eriksson.
15:51 of 2nd period - Stopped by Scott Wedgewood with a rebound.
16:12 of 2nd period - Wrist shot by Zemgus Girgensons.
16:12 of 2nd period - Stopped by Scott Wedgewood without a rebound.
16:13 of 2nd period - Thomas Novak wins face-off versus Elias Pettersson in St.Louis Blues zone.
16:41 of 2nd period - Slapshot by Brandon Saad.
16:41 of 2nd period - Stopped by Scott Wedgewood without a rebound.
16:42 of 2nd period - Jack Eichel wins face-off versus Sam Gagner in St.Louis Blues zone.
16:55 of 2nd period - Backhand shot by Brandon Saad.
16:55 of 2nd period - Stopped by Scott Wedgewood without a rebound.
16:56 of 2nd period - Elias Pettersson wins face-off versus Janne Kuokkanen in St.Louis Blues zone.
17:11 of 2nd period - Colton Parayko is hit by Justin Braun and loses puck.
17:22 of 2nd period - Robert Thomas is hit by Pat Maroon.
18:24 of 2nd period - Justin Braun is hit by Morgan Rielly and loses puck.
18:30 of 2nd period - Off-side.
18:31 of 2nd period - Thomas Novak wins face-off versus Robert Thomas in neutral zone.
19:01 of 2nd period - Alex Pietrangelo is hit by Loui Eriksson and loses puck.
19:20 of 2nd period - Jonas Brodin is hit by Nolan Patrick and loses puck.
19:31 of 2nd period - Slapshot by Jonas Brodin.
19:31 of 2nd period - Shot Blocked by Nolan Patrick.
Goals for this period are 1 for St.Louis Blues vs 1 for Nashville Predators.
Shots for this period are 9 for St.Louis Blues vs 10 for Nashville Predators.
3rd period
0:01 of 3rd period - Elias Pettersson wins face-off versus Sam Gagner in neutral zone.
0:16 of 3rd period - Snap shot by Alex DeBrincat.
0:16 of 3rd period - Shot Misses the Net.
0:38 of 3rd period - Slapshot by Pat Maroon.
0:38 of 3rd period - Goal by Pat Maroon - St.Louis Blues : 2 - Nashville Predators : 2.
0:39 of 3rd period - Elias Pettersson wins face-off versus Zemgus Girgensons in neutral zone.
0:42 of 3rd period - Cale Makar is hit by Colton Parayko and loses puck.
1:34 of 3rd period - Off-side.
1:35 of 3rd period - Elias Pettersson wins face-off versus Sam Gagner in neutral zone.
1:35 of 3rd period - Elias Pettersson is hit by Artem Zub.
1:39 of 3rd period - Sam Gagner is hit by Alex DeBrincat and loses puck.
2:02 of 3rd period - Danny DeKeyser is hit by Artem Zub and loses puck.
2:16 of 3rd period - Snap shot by Corey Perry.
2:16 of 3rd period - Shot Misses the Net.
2:18 of 3rd period - Snap shot by Artem Zub.
2:18 of 3rd period - Shot Blocked by Colton Parayko.
2:20 of 3rd period - Wrist shot by Nate Schmidt.
2:20 of 3rd period - Stopped by Scott Wedgewood with a rebound.
2:27 of 3rd period - Minor Penalty to Corey Perry for Roughing.
2:28 of 3rd period - Robert Thomas wins face-off versus Brandon Saad in Nashville Predators zone.
2:30 of 3rd period - Wrist shot by Robert Thomas.
2:30 of 3rd period - Shot Misses the Net.
3:24 of 3rd period - Elias Pettersson is hit by Loui Eriksson and loses puck.
4:27 of 3rd period - Penalty to Corey Perry is over, Corey Perry is back on ice.
4:37 of 3rd period - Ondrej Kase is hit by Nolan Patrick and loses puck.
5:30 of 3rd period - Frederick Gaudreau is hit by Pat Maroon and loses puck.
6:54 of 3rd period - Jonas Brodin is hit by Zemgus Girgensons and loses puck.
9:31 of 3rd period - Cale Makar is hit by Elias Pettersson.
9:49 of 3rd period - Minor Penalty to Danny DeKeyser for Cross-checking.
9:50 of 3rd period - Frederick Gaudreau wins face-off versus Corey Perry in St.Louis Blues zone.
9:50 of 3rd period - Frederick Gaudreau is hit by Sam Gagner.
10:20 of 3rd period - Wrist shot by Loui Eriksson.
10:20 of 3rd period - Goal by Loui Eriksson - St.Louis Blues : 2 - Nashville Predators : 3.
10:21 of 3rd period - Elias Pettersson wins face-off versus Zemgus Girgensons in neutral zone.
10:24 of 3rd period - Wrist shot by Alex DeBrincat.
10:24 of 3rd period - Stopped by Anthony Stolarz with a rebound.
10:34 of 3rd period - Wrist shot by Elias Pettersson.
10:34 of 3rd period - Shot Blocked by Zemgus Girgensons.
11:11 of 3rd period - Slapshot by Alex Pietrangelo.
11:11 of 3rd period - Stopped by Anthony Stolarz with a rebound.
11:13 of 3rd period - Slapshot by Colton Parayko.
11:13 of 3rd period - Shot Blocked by Artem Zub.
11:15 of 3rd period - Snap shot by Alex Pietrangelo.
11:15 of 3rd period - Stopped by Anthony Stolarz without a rebound.
11:16 of 3rd period - Zemgus Girgensons wins face-off versus Elias Pettersson in Nashville Predators zone.
11:16 of 3rd period - Zemgus Girgensons is hit by Alex Tuch.
11:32 of 3rd period - Snap shot by Pat Maroon.
11:32 of 3rd period - Deflect By Zemgus Girgensons.
11:32 of 3rd period - Shot Blocked by Morgan Rielly.
11:32 of 3rd period - Puck is out of play.
11:33 of 3rd period - Robert Thomas wins face-off versus Thomas Novak in St.Louis Blues zone.
11:33 of 3rd period - Robert Thomas is hit by Nick Bjugstad.
11:38 of 3rd period - Off-side.
11:39 of 3rd period - Robert Thomas wins face-off versus Thomas Novak in neutral zone.
11:45 of 3rd period - Minor Penalty to Nick Bjugstad for Tripping.
11:46 of 3rd period - Joe Pavelski wins face-off versus Brandon Saad in Nashville Predators zone.
11:46 of 3rd period - Slapshot by Elias Pettersson.
11:46 of 3rd period - Stopped by Anthony Stolarz with a rebound.
12:14 of 3rd period - Minor Penalty to Jake Muzzin for Slashing.
12:15 of 3rd period - Brandon Saad wins face-off versus Joe Pavelski in Nashville Predators zone.
12:28 of 3rd period - Snap shot by Morgan Rielly.
12:28 of 3rd period - Shot Blocked by Brandon Saad.
12:30 of 3rd period - Snap shot by Elias Pettersson.
12:30 of 3rd period - St.Louis Blues goal is going for a video replay.
12:30 of 3rd period - The goal is refused. The puck has entered the net after making contact with an attacking player’s stick that is above the height of the crossbar..
12:31 of 3rd period - Brandon Saad wins face-off versus Joe Pavelski in Nashville Predators zone.
12:42 of 3rd period - Justin Braun is hit by Alex Tuch and loses puck.
13:03 of 3rd period - Slapshot by Alex Pietrangelo.
13:03 of 3rd period - Stopped by Anthony Stolarz with a rebound.
13:05 of 3rd period - Snap shot by Evander Kane.
13:05 of 3rd period - Shot Misses the Net.
13:45 of 3rd period - Penalty to Nick Bjugstad is over, Nick Bjugstad is back on ice.
13:57 of 3rd period - Sam Gagner is hit by Alex Tuch.
14:01 of 3rd period - Wrist shot by Cale Makar.
14:01 of 3rd period - Stopped by Scott Wedgewood without a rebound.
14:02 of 3rd period - Joe Pavelski wins face-off versus Sam Gagner in St.Louis Blues zone.
14:14 of 3rd period - Penalty to Jake Muzzin is over, Jake Muzzin is back on ice.
15:26 of 3rd period - Adam Pelech is hit by Corey Perry and loses puck.
16:09 of 3rd period - Wrist shot by Elias Pettersson.
16:09 of 3rd period - Deflect By Alex DeBrincat.
16:09 of 3rd period - Shot Blocked by Jake Muzzin.
16:09 of 3rd period - Puck is out of play.
16:10 of 3rd period - Jack Eichel wins face-off versus Thomas Novak in Nashville Predators zone.
16:23 of 3rd period - Artem Zub is hit by Evander Kane.
17:20 of 3rd period - Nate Schmidt is hit by Jimmy Vesey and loses puck.
17:38 of 3rd period - Nate Schmidt is hit by Evander Kane and loses puck.
18:30 of 3rd period - Sam Gagner is hit by Danny DeKeyser and loses puck.
18:41 of 3rd period - Icing by Cale Makar.
18:42 of 3rd period - Elias Pettersson wins face-off versus Nick Bjugstad in Nashville Predators zone.
18:58 of 3rd period - Alex Pietrangelo is hit by Sam Gagner and loses puck.
19:05 of 3rd period - Slapshot by Cale Makar.
19:05 of 3rd period - Stopped by Scott Wedgewood with a rebound.
19:07 of 3rd period - Wrist shot by Riley Nash.
19:07 of 3rd period - Stopped by Scott Wedgewood with a rebound.
19:09 of 3rd period - Snap shot by Justin Braun.
19:09 of 3rd period - Shot Blocked by Alex Pietrangelo.
19:11 of 3rd period - Wrist shot by Sam Gagner.
19:11 of 3rd period - Shot Misses the Net.
19:13 of 3rd period - Snap shot by Bowen Byram.
19:13 of 3rd period - Shot Misses the Net.
19:21 of 3rd period - St.Louis Blues, Scott Wedgewood is pulled from the net.
19:23 of 3rd period - Snap shot by Alex DeBrincat.
19:23 of 3rd period - Stopped by Anthony Stolarz without a rebound.
19:24 of 3rd period - Mike Sullivan call a timeout for St.Louis Blues.
19:24 of 3rd period - Sam Gagner wins face-off versus Robert Thomas in Nashville Predators zone.
19:31 of 3rd period - Backhand shot by Alex Tuch.
19:31 of 3rd period - Shot Misses the Net.
19:33 of 3rd period - Snap shot by Alex Tuch.
19:33 of 3rd period - Shot Blocked by Brandon Saad.
19:35 of 3rd period - Snap shot by Jake Guentzel.
19:35 of 3rd period - Shot Misses the Net.
19:37 of 3rd period - Snap shot by Robert Thomas.
19:37 of 3rd period - Shot Misses the Net.
19:39 of 3rd period - Wrist shot by Jake Guentzel.
19:39 of 3rd period - Shot Blocked by Justin Braun.
19:47 of 3rd period - Wrist shot by Alex Tuch.
19:47 of 3rd period - Shot Misses the Net.
19:49 of 3rd period - Wrist shot by Alex Tuch.
19:49 of 3rd period - Stopped by Anthony Stolarz without a rebound.
19:50 of 3rd period - Sam Gagner wins face-off versus Robert Thomas in Nashville Predators zone.
Goals for this period are 0 for St.Louis Blues vs 2 for Nashville Predators.
Shots for this period are 8 for St.Louis Blues vs 6 for Nashville Predators.
Back to the Top